 Dungeon Crawl Stone Soup version 0.31.0-12-g77e489cdc1 (webtiles) character file.

Game seed: 1526168395050247493

1341 Rassilon the Covert (level 8, -1/42 HPs)
             Began as a Spriggan Enchanter on Feb 13, 2024.
             Killed by divine providence
             ... invoked by an orc priest
              (11 damage)
             ... on level 7 of the Dungeon.
             The game lasted 00:23:27 (5975 turns).

Rassilon the Covert (Spriggan Enchanter)            Turns: 5975, Time: 00:23:27

Health: -1/42      AC:  6    Str:  6    XL:     8   Next: 35%
Magic:  2/13       EV: 17    Int: 16    God:
Gold:   368        SH:  0    Dex: 16    Spells: 4/12 levels left

rFire   + . .        a - +1 dagger
rCold   + . .        (no shield)
rNeg    . . .        b - +0 robe
rPois   .            (helmet restricted)
rElec   .            w - scarf {rC+ rF+}
rCorr   .            (gloves unavailable)
SInv    +            (boots unavailable)
Will    +....        (no amulet)
Stlth   ++++         d - +4 ring of protection
HPRegen 0.27/turn    (no ring)
MPRegen 0.13/turn

%: no passive effects
@: very quick
A: very small, no large weapons, unfitting armour, see invisible, speed 3
a: no special abilities


You were on level 7 of the Dungeon.
You visited 2 branches of the dungeon, and saw 8 of its levels.

You collected 368 gold pieces.

Inventory:

Hand Weapons
 a - a +1 dagger (weapon)
 i - a +0 dagger of holy wrath
 x - the +11 Singing Sword {sonic wave}
   (You found it on level 5 of the Dungeon)
Missiles
 v - a throwing net (quivered)
Armour
 b - a +0 robe (worn)
 w - a scarf of resistance (worn)
Jewellery
 d - a +4 ring of protection (left hand)
Wands
 t - a wand of polymorph (10)
 u - a wand of iceblast (3)
Scrolls
 f - 7 scrolls of identify {unknown}
 g - a scroll of immolation {unknown}
 k - 3 scrolls of teleportation {unknown}
 l - 2 scrolls of enchant weapon {unknown}
 n - a scroll of vulnerability {unknown}
 o - a scroll of amnesia {unknown}
 r - a scroll of enchant armour {unknown}
 s - 4 scrolls of fear {unknown}
Potions
 c - 2 potions of invisibility
 e - 4 potions of curing {unknown}
 h - a potion of cancellation {unknown}
 j - 4 potions of degeneration {unknown}
 m - 6 potions of might {unknown}
 p - a potion of haste {unknown}
 q - a potion of lignification {unknown}


   Skills:
 + Level 4.0 Fighting
 * Level 7.9 Short Blades
 - Level 2.6 Dodging
 + Level 9.1 Stealth
 - Level 2.6 Spellcasting
 - Level 3.6 Hexes


You had 4 spell levels left.
You knew the following spells:

 Your Spells              Type           Power      Damage    Failure   Level
a - Ensorcelled Hibernat  Hex/Ice        14%        N/A       14%         2
b - Confusing Touch       Hex            13%        N/A       13%         3
c - Dazzling Flash        Conj/Hex       14%        N/A       28%         3

Your spell library contained the following spells:

 Spells                   Type           Power      Damage    Failure   Level
 Tukima's Dance           Hex            13%        N/A       13%         3
 Scorch                   Fire           4%         2d5       28%         2
 Hailstorm                Conj/Ice       2%         3d5       50%         3
 Summon Ice Beast         Ice/Summ       2%         N/A       50%         3
 Flame Wave               Conj/Fire      2%         2d4       88%         4
 Sculpt Simulacrum        Ice/Alch       1%         N/A       100%        6
 Summon Cactus Giant      Summ           1%         N/A       100%        6


Dungeon Overview and Level Annotations

Branches:
Dungeon (8/15)             Temple (1/1) D:4
   Lair: D:8-11

Altars:
Cheibriados
Dithmenos
Fedhas
Gozag
Kikubaaqudgha
Nemelex Xobeh
Ru
Trog
Wu Jian
Xom
Yredelemnul
Zin

Shops:
D:4 ?   D:7 (


Innate Abilities, Weirdness & Mutations

You are very small and have problems with some larger weapons.
You are too small for most types of armour.
You have supernaturally acute eyesight. (SInv)
You cover ground extremely quickly. (Speed+++)


Message History

The wight is severely damaged.
The wight closely misses you.
The orc priest calls down the wrath of Beogh upon you.
Beogh smites you!
* * * LOW HITPOINT WARNING * * *
You hear a shout!
Unknown command.
Unknown command.
Unknown command.
Unknown command.
You hit the wight.
The wight is almost destroyed.
You hear a shout!
The wight misses you.
Things that are here:
a +2 hand axe; a +0 robe A wight comes into view.
It is wielding a +0 dagger.
Found Zoeguovu's Weapon Emporium.
There is an entrance to Zoeguovu's Weapon Emporium here.
You hit the wight but do no damage.
The wight is almost destroyed.
The wight barely misses you.
You hit the wight.
The wight is almost destroyed.
You closely miss the wight.
The wight is almost destroyed.
The wight closely misses you.
You hit the wight but do no damage.
The wight is almost destroyed.
Casting: Confusing Touch (dangerous; 13% risk of failure)
Confirm with . or Enter, or press ? or * to list all spells.
Your hands begin to glow red.
You hear a shout!
The wight closely misses you.
You hear a shout! x3
You hit the wight but do no damage.
The wight appears confused.
The wight is almost destroyed.
The orc priest invokes the aid of Beogh against you.
Beogh smites you!
You die...

######
#∩.@.########
####z#.......
###zoz#...#
#..o#.#.(.#
#z###... .#
#.###.##..#
#)#z......#
#o#.#..#.##
#.o....#.#


You could see 3 wights, an orc priest and an orc wizard.

Vanquished Creatures
  Pikel (D:4)
  An ogre (D:3)
  2 lemures (D:4)
  3 scorpions (D:5)
  2 wights (D:7)
  2 bombardier beetles
  3 hounds
  A gnoll bouda (D:4)
  12 gnolls
  12 adders
  2 ufetubi (D:5)
  A ribbon worm (D:3)
  A dart slug (D:5)
  6 orcs
  12 bats
  6 endoplasms
  7 giant cockroaches
  15 goblins
  6 hobgoblins
  8 jackals
  6 kobolds
  8 quokkas
  11 ball pythons
  4 frilled lizards
  9 rats
141 creatures vanquished.

Notes
Turn   | Place    | Note
-------+----------+-------------------------------------------
     0 | D:1      | Rassilon the Spriggan Enchanter began the quest for the
                  | Orb.
     0 | D:1      | Reached XP level 1. HP: 9/9 MP: 5/5
   183 | D:1      | Reached XP level 2. HP: 14/14 MP: 6/6
   197 | D:1      | Learned a level 2 spell: Ensorcelled Hibernation
   533 | D:1      | Reached skill level 5 in Stealth
   533 | D:1      | Reached XP level 3. HP: 17/17 MP: 1/8
   781 | D:1      | Reached skill level 1 in Fighting
  1214 | D:2      | Found a faded altar of an unknown god.
  1225 | D:2      | Reached XP level 4. HP: 22/22 MP: 9/9
  1411 | D:2      | Found a glowing silver altar of Zin.
  1808 | D:3      | Noticed an ogre
  2078 | D:3      | Learned a level 3 spell: Confusing Touch
  2082 | D:3      | Learned a level 3 spell: Dazzling Flash
  2187 | D:3      | Killed an ogre
  2188 | D:3      | Reached skill level 6 in Stealth
  2188 | D:3      | Reached XP level 5. HP: 26/26 MP: 7/10
  2584 | D:4      | Noticed Pikel
  2584 | D:4      | Noticed a lemure
  2584 | D:4      | Noticed a lemure
  2584 | D:4      | Noticed a lemure
  2584 | D:4      | Noticed a lemure
  2659 | D:4      | Reached XP level 6. HP: 30/30 MP: 11/11
  2661 | D:4      | Found an opulent altar of Gozag.
  2769 | D:4      | Found The Oracle's Delphic Readings.
  2927 | D:4      | Reached skill level 5 in Short Blades
  3045 | D:4      | Found a staircase to the Ecumenical Temple.
  3052 | Temple   | Entered the Ecumenical Temple
  3873 | D:4      | Reached skill level 7 in Stealth
  4009 | D:4      | Killed Pikel
  4010 | D:4      | Reached skill level 8 in Stealth
  4010 | D:4      | Reached XP level 7. HP: 25/36 MP: 9/12
  4555 | D:5      | Entered Level 5 of the Dungeon
  4697 | D:5      | Found a bloodstained altar of Trog.
  4716 | D:5      | Reached XP level 8. HP: 41/41 MP: 8/13
  4804 | D:5      | Found a shadowy altar of Dithmenos.
  4833 | D:5      | Found a shimmering altar of Xom.
  4833 | D:5      | Found a shimmering altar of Xom.
  4834 | D:5      | Found a shimmering altar of Xom.
  4841 | D:5      | Found a shimmering altar of Xom.
  4842 | D:5      | Found a shimmering altar of Xom.
  4842 | D:5      | Found a shimmering altar of Xom.
  5275 | D:5      | Found a sparkling altar of Nemelex Xobeh.
  5346 | D:5      | Found the +11 Singing Sword {sonic wave}
  5850 | D:5      | You fall into a shaft and drop 3 floors!
  5953 | D:7      | Reached skill level 9 in Stealth
  5964 | D:7      | Found Zoeguovu's Weapon Emporium.
  5975 | D:7      | Killed from afar by an orc priest

Illustrated notes

Levels and vault maps discovered:
D:1:      dpeg_arrival_three_bigger_balls, layout_loops_ring,
          chequers_mini_garden, chequers_serial_rivers_room_b,
          nicolae_grassy_gnolls
D:2:      layout_basic, hellmonk_ecumenical_altar_crossroads, basic_altar,
          minmay_pentomino_pile
D:3:      layout_basic, corexii_hall_statues_u, minmay_ogre_servants
D:4:      wad_woods_tower, layout_basic, amcnicky_altar_gilded,
          minmay_temple_entry_gardened_gates, nicolae_nh_oracle_at_delphi,
          uniq_pikel
D:5:      old_forge, layout_basic, mainiacjoe_overflow_cross_hatched,
          xom_redecorated, nicolae_dithmenos_through_a_glass_darkly,
          mainiacjoe_overflow_24_doors
D:7:      layout_basic, mainiacjoe_overflow_six_doors_small, serial_shops, shop,
          nicolae_letterblocks [nicolae_letter_subblock,
          nicolae_letter_subblock, nicolae_letter_subblock,
          nicolae_letter_subblock, nicolae_letter_subblock,
          nicolae_letter_subblock, nicolae_letter_subblock,
          nicolae_letter_subblock, nicolae_letter_subblock,
          nicolae_letter_subblock, nicolae_letter_subblock,
          nicolae_letter_subblock, nicolae_letter_subblock,
          nicolae_letter_subblock, nicolae_letter_subblock,
          nicolae_letter_subblock, nicolae_letter_subblock,
          nicolae_letter_subblock, nicolae_letter_subblock,
          nicolae_letter_subblock, nicolae_letter_subblock,
          nicolae_letter_subblock, nicolae_letter_subblock,
          nicolae_letter_subblock, nicolae_letter_subblock], uniq_menkaure,
          uniq_maggie
D:8:      layout_loops_corners, serial_shops, nicolae_shop_bloodbath_and_beyond,
          uniq_joseph, uniq_psyche, uniq_erica
Temple:   nicolae_temple_stand_before_the_council

Skill      XL: |  1  2  3  4  5  6  7  8 |
---------------+-------------------------+-----
Short Blades   | 2 3 4 6 7 |  7.9
Stealth        | 5 6 8 9 |  9.1
Fighting       | 1 2 3 4 |  4.0
Dodging        | |  2.6
Spellcasting   | |  2.6
Hexes          | |  3.6

Action                     |  1- 3 |  4- 6 |  7- 9 || total
---------------------------+-------+-------+-------++-------
  Melee: Dagger            |   165 |   184 |   124 ||   473
         Punch             |       |     2 |     2 ||     4
   Cast: Ensorcelled Hiber |     9 |    42 |    37 ||    88
         Confusing Touch   |       |     3 |     7 ||    10
         Dazzling Flash    |       |     1 |       ||     1
   Stab: Sleeping          |    19 |    31 |    20 ||    70
         Confused          |       |     4 |     4 ||     8
 Armour: Robe              |    51 |    57 |    42 ||   150
  Dodge: Dodged            |   118 |   139 |   122 ||   379
